 Dungeon Crawl Stone Soup version 0.23.1 (webtiles) character file.

Game seed: 0

37149 Fang the Fighter (level 13, 0/135 HPs)
             Began as a Gargoyle Berserker on Mar 12, 2019.
             Was a High Priest of Trog.
             Slain by Rupert
             ... wielding a +0 great mace of protection
              (12 damage)
             ... on level 4 of the Lair of Beasts on Mar 13, 2019.
             The game lasted 00:21:00 (11742 turns).

Fang the Fighter (Gargoyle Berserker)              Turns: 11742, Time: 00:21:01

Health: 0/135      AC: 28    Str: 29    XL:     13   Next: 94%
Magic:  0/22       EV: 16    Int: 10    God:    Trog [*****.]
Gold:   904        SH:  4    Dex:  9    Spells: 12/12 levels left

rFire    . . .     SeeInvis +   I - +8 battleaxe (drain)
rCold    . . .     Gourm    .   (shield currently unavailable)
rNeg     + . .     Faith    .   o - +4 plate armour
rPois    ∞         Spirit   +   (helmet restricted)
rElec    +         Reflect  .   u - scarf {Spirit}
rCorr    .         Harm     .   (no gloves)
MR       +....                  (no boots)
Stlth    ..........             (no amulet)
HPRegen  1.32/turn              l - +5 ring of evasion
MPRegen  0.18/turn              a - ring "Voteaj" {MP+9 Stlth+}

@: berserking, vulnerable, regenerating, studying Long Blades, very quick
A: horns 1, large bone plates 1, see invisible, negative energy resistance 1,
electricity resistance, unbreathing, petrification resistance, rot immunity, AC
+9
a: Berserk, Trog's Hand, Brothers in Arms, Renounce Religion


You were on level 4 of the Lair of Beasts.
You worshipped Trog.
Trog was extremely pleased with you.
You were very hungry.

You visited 3 branches of the dungeon, and saw 15 of its levels.
You also visited: Sewer and Ossuary.

You collected 904 gold pieces.

Inventory:

Hand Weapons
 r - a +1 hand axe of freezing
 I - a +8 battleaxe of draining (weapon)
Missiles
 C - 3 javelins of penetration (quivered)
Armour
 o - a +4 plate armour (worn)
 u - a scarf of spirit shield (worn)
Jewellery
 a - the ring "Voteaj" (right hand) {MP+9 Stlth+}
   (You found it on level 6 of the Dungeon)

   [ring of magical power]

   It affects your magic capacity (+9).
   It makes you more stealthy.
 i - a +3 ring of intelligence
 l - a +5 ring of evasion (left hand)
 q - an uncursed ring of stealth
 t - an uncursed ring of protection from magic
 y - an uncursed ring of flight
Wands
 b - a wand of random effects (41)
 h - a wand of paralysis (7)
 s - a wand of flame (11)
 E - a wand of iceblast (11)
 H - a wand of digging (2)
 K - a wand of polymorph (7)
Scrolls
 d - 12 scrolls of remove curse
 k - 9 scrolls of teleportation
 A - 2 scrolls of blinking
 B - a scroll of fear
Potions
 e - 3 potions of magic
 f - 6 potions of flight
 g - 4 potions of agility
 j - 4 potions of curing
 m - 3 potions of brilliance
 n - 3 potions of haste
 p - 2 potions of cancellation
 v - 5 potions of degeneration {unknown}
 w - a potion of invisibility {unknown}
 x - a potion of resistance
 z - 3 potions of might
 F - 3 potions of lignification {unknown}
 G - 2 potions of mutation
 M - a potion of heal wounds
Books
 D - a manual of Long Blades
Comestibles
 c - 34 rations
 L - 11 chunks of flesh


   Skills:
 + Level 14.1 Fighting
 + Level 12.2 Axes
 + Level 11.0 Armour
 + Level 8.5 Dodging


You had 12 spell levels left.
You didn't know any spells.
Your spell library was empty.

Dungeon Overview and Level Annotations

Branches:
Dungeon (10/15)            Temple (1/1) D:5            Lair (4/6) D:10
  Swamp (0/4) Lair:3
  Snake: Lair:2-4    Spider: Lair:2-4       Orc: D:9-12

Altars:
Hepliaklqana
Makhleb
Okawaru
Qazlal
Sif Muna
Vehumet
Wu Jian

Shops:
D:5 :   D:6 =   D:9 *

Annotations:
Lair:3 exclusion: 2 oklob plants
Lair:4 Rupert


Innate Abilities, Weirdness & Mutations

You are resistant to torment.
Your stone body is resilient. (AC +9)
You are immune to poison.
You resist negative energy. (rN+)
You are resistant to electric shocks. (rElec)
You can survive without breathing.
You are immune to petrification.
You are immune to rotting.
You have a pair of small horns on your head.
You are partially covered in large bone plates. (SH +4)
You have supernaturally acute eyesight. (SInv)


Message History

* * * LOW HITPOINT WARNING * * *
A red film seems to cover your vision as you go berserk!
You feel yourself moving faster!
You feel mighty!
You are feeling very hungry.
Rupert barely misses you.
You barely miss Rupert. You headbutt Rupert, but do no damage.
Rupert is moderately wounded.
Rupert hits you with a +0 great mace of protection!
* * * LOW HITPOINT WARNING * * *
You slice Rupert!! You drain Rupert! You headbutt Rupert, but do no damage.
Rupert is heavily wounded.
Rupert hits you with a +0 great mace of protection!!
* * * LOW HITPOINT WARNING * * *
You barely miss Rupert. Your headbutt misses Rupert.
Rupert is heavily wounded.
Rupert hits you but does no damage.
You slice Rupert like a ripe choko!!! You drain Rupert!
Rupert is almost dead.
Rupert hits you with a +0 great mace of protection!
You die...

#%..............#
#...........[..##
##P.............#
#.............##
..#...........##
..#...........##
#P...........#
###....@..##.#
#....@.## ..#
##...### .. ##.#
##


You could see Rupert (berserk).

Vanquished Creatures
  Snorg (D:10)
  2 hydras
  2 two-headed ogres
  Urug (Lair:1)
  An unseen horror (D:10)
  Joseph (D:8)
  Maurice (D:10)
  A black mamba (Lair:3)
  5 spiny frogs
  6 komodo dragons
  A troll (D:5)
  9 blink frogs (Lair:2)
  3 hornets
  4 hippogriffs
  A wyvern (Lair:2)
  Grum (Lair:1)
  A human (D:7)
  10 yaks
  2 basilisks
  3 hogs (D:7)
  A steam dragon (D:10)
  9 water moccasins
  6 porcupines
  A swamp drake (Lair:3)
  An ice beast (D:8)
  4 orc warriors
  Purgy (Sewer)
  A black bear (D:10)
  An eye of draining (D:9)
  2 sky beasts
  A phantom (D:9)
  9 wolves (Lair:1)
  6 ogres
  2 centaurs
  9 crocodiles
  2 elf zombies (Ossuary)
  2 big kobolds
  11 bullfrogs
  5 scorpions
  A wyvern skeleton (D:7)
  7 killer bees (D:10)
  4 howler monkeys
  4 crimson imps
  A bullfrog zombie (D:9)
  8 hounds
  A quasit (D:6)
  3 orc wizards
  2 jellies
  7 orc priests
  Terence (D:3)
  2 bullfrog skeletons
  6 iguanas
  4 worker ants
  2 killer bee zombies
  2 hound zombies
  A hound skeleton (D:6)
  4 mummies (Ossuary)
  A howler monkey zombie (D:8)
  A worker ant zombie (D:6)
  7 gnolls
  7 adders
  A river rat (D:3)
  2 shadow imps
  An adder zombie (Ossuary)
  5 adder skeletons
  2 worms
  10 dart slugs
  11 leopard geckos
  26 orcs
  2 ball pythons
  6 giant cockroaches
  A gnoll zombie (Ossuary)
  4 hobgoblins
  12 jackals
  24 kobolds
  8 quokkas
  8 bats
  6 frilled lizards
  7 goblins
  3 goblin zombies (Ossuary)
  A hobgoblin zombie (Ossuary)
  A jackal zombie (D:7)
  A kobold zombie (Ossuary)
  A leopard gecko skeleton (D:4)
  An orc zombie (Ossuary)
  A quokka zombie (D:9)
  17 rats
  A rat zombie (Ossuary)
  2 fungi (Lair:4)
371 creatures vanquished.

Vanquished Creatures (others)
  A fungus (Lair:1)
1 creature vanquished.

Grand Total: 372 creatures vanquished

Notes
Turn   | Place    | Note
-------+----------+-------------------------------------------
     0 | D:1      | Fang the Gargoyle Berserker began the quest for the Orb.
     0 | D:1      | Reached XP level 1. HP: 14/14 MP: 1/1
    91 | D:1      | Reached XP level 2. HP: 15/19 MP: 2/2
   246 | D:1      | Reached ** piety under Trog
   246 | D:1      | Reached XP level 3. HP: 7/23 MP: 3/3
   956 | D:2      | Reached XP level 4. HP: 19/29 MP: 4/4
  1744 | D:3      | Noticed Terence
  1761 | D:3      | Reached skill level 4 in Fighting
  1762 | D:3      | Killed Terence
  1762 | D:3      | Reached XP level 5. HP: 23/33 MP: 5/5
  1769 | D:3      | Reached *** piety under Trog
  2006 | D:3      | Found a glowing drain.
  2010 | Sewer    | Entered a sewer
  2251 | Sewer    | Noticed Purgy
  2261 | Sewer    | Killed Purgy
  2261 | Sewer    | Reached XP level 6. HP: 39/39 MP: 1/6
  2768 | D:4      | Reached skill level 5 in Fighting
  2768 | D:4      | Reached XP level 7. HP: 4/44 MP: 0/7
  3332 | D:5      | Entered Level 5 of the Dungeon
  3387 | D:5      | Noticed a troll
  3391 | D:5      | Reached skill level 5 in Armour
  3403 | D:5      | Killed a troll
  3403 | D:5      | Reached skill level 6 in Fighting
  3403 | D:5      | Reached skill level 5 in Axes
  3403 | D:5      | Reached XP level 8. HP: 30/51 MP: 4/8
  3439 | D:5      | Reached **** piety under Trog
  3599 | D:5      | Found a staircase to the Ecumenical Temple.
  3620 | Temple   | Entered the Ecumenical Temple
  3669 | D:5      | Found a hazy altar of Hepliaklqana.
  3751 | D:5      | Found Qiucobb's Book Shop.
  3898 | D:6      | Noticed a two-headed ogre
  4084 | D:6      | Killed a two-headed ogre
  4084 | D:6      | Reached skill level 7 in Fighting
  4084 | D:6      | Reached skill level 5 in Dodging
  4084 | D:6      | Reached XP level 9. HP: 43/57 MP: 4/9
  4228 | D:6      | Found a sand-covered staircase.
  4244 | Ossuary  | Entered an ossuary
  4347 | Ossuary  | Received a gift from Trog
  4634 | D:6      | Got a warped amber ring
  4654 | D:6      | Identified the ring "Voteaj" {MP+9 Stlth+} (You found it on
                  | level 6 of the Dungeon)
  4691 | D:6      | Found a deep blue altar of Sif Muna.
  4782 | D:6      | Found Hoas Ato's Jewellery Shoppe.
  5029 | D:6      | Found a stormy altar of Qazlal.
  5029 | D:6      | Found a radiant altar of Vehumet.
  5036 | D:6      | Found a faded altar of an unknown god.
  5038 | D:6      | Found an ornate altar of the Wu Jian Council.
  5039 | D:6      | Found a burning altar of Makhleb.
  5199 | D:7      | Reached skill level 8 in Fighting
  5307 | D:7      | Reached XP level 10. HP: 63/64 MP: 10/10
  5309 | D:7      | Reached ***** piety under Trog
  5815 | D:8      | Found an iron altar of Okawaru.
  5926 | D:8      | Noticed Joseph
  5939 | D:8      | Killed Joseph
  5939 | D:8      | Reached skill level 9 in Fighting
  6449 | D:9      | Reached skill level 11 in Fighting
  6449 | D:9      | Reached XP level 11. HP: 74/74 MP: 3/11
  6450 | D:9      | Reached skill level 12 in Fighting
  6450 | D:9      | Reached XP level 12. HP: 82/82 MP: 3/12
  6652 | D:9      | Found Pirutah's General Store.
  6948 | D:10     | Entered Level 10 of the Dungeon
  6984 | D:10     | Reached skill level 13 in Fighting
  7073 | D:10     | Noticed Snorg
  7074 | D:10     | Noticed Maurice
  7089 | D:10     | Killed Maurice
  7091 | D:10     | Killed Snorg
  7091 | D:10     | Reached XP level 13. HP: 10/88 MP: 0/13
  7619 | D:10     | Found a staircase to the Lair.
  8075 | Lair:1   | Entered Level 1 of the Lair of Beasts
  8106 | Lair:1   | Noticed Grum
  8126 | Lair:1   | Killed Grum
  8637 | Lair:1   | Reached skill level 10 in Armour
  8890 | Lair:1   | Noticed Urug
  8907 | Lair:1   | Killed Urug
  9104 | Lair:1   | Gained mutation: You have a pair of small horns on your
                  | head. [potion of mutation]
  9104 | Lair:1   | Gained mutation: You are partially covered in large bone
                  | plates. (SH +4) [potion of mutation]
  9104 | Lair:1   | Gained mutation: You have supernaturally acute eyesight.
                  | (SInv) [potion of mutation]
  9648 | Lair:2   | Received a gift from Trog
  9649 | Lair:2   | Found the +5 scythe "Finisher" {speed, eviscerate}
 10597 | Lair:3   | Reached skill level 14 in Fighting
 10733 | Lair:3   | Found a staircase to the Swamp.
 11723 | Lair:4   | Noticed Rupert
 11742 | Lair:4   | Slain by Rupert

Skill      XL: |  1  2  3  4  5  6  7  8  9 10 11 12 13 |
---------------+----------------------------------------+-----
Axes           | 3 4 5 6 9 11 12 | 12.2
Dodging        | 2 3 4 5 6 7 8 |  8.5
Armour         | 3 4 5 6 7 9 11 | 11.0
Fighting       | 4 5 6 7 8 11 12 13 14 | 14.1

Action                   |  1- 3 |  4- 6 |  7- 9 | 10-12 | 13-15 || total
-------------------------+-------+-------+-------+-------+-------++-------
Melee: Hand axe          |   104 |   187 |   287 |       |       ||   578
       Battleaxe         |       |       |    98 |   204 |   311 ||   613
       Headbutt          |       |       |       |       |    24 ||    24
Invok: Berserk           |       |     3 |     4 |     1 |     1 ||     9
       Trog's Hand       |       |       |       |       |     1 ||     1
  Use: Scroll            |       |       |       |    21 |    10 ||    31
       Potion            |       |       |       |     2 |     1 ||     3
  Eat: Chunk             |       |     8 |    14 |     6 |    16 ||    44
Armor: Animal skin       |    38 |    17 |       |       |       ||    55
       Chain mail        |       |   111 |   242 |    57 |       ||   410
       Plate armour      |       |       |       |   102 |   264 ||   366
Dodge: Dodged            |    91 |   140 |   300 |   179 |   220 ||   930
Block: Other             |       |       |       |       |    47 ||    47
